 Dungeon Crawl Stone Soup version 0.31-a0-1581-g41d5ff3e7b (webtiles) character file.

Game seed: 17392372050804467677

9302 Gargoyl the Cruncher (level 11, -12/69 HPs)
             Began as a Gargoyle Berserker on Jan 5, 2024.
             Was a Priest of Trog.
             Mangled by a slime creature (14 damage)
             ... on level 9 of the Dungeon.
             The game lasted 00:12:24 (8000 turns).

Gargoyl the Cruncher (Gargoyle Berserker)           Turns: 8000, Time: 00:12:24

Health: -12/69     AC: 25    Str: 20    XL:     11   Next: 44%
Magic:  11/11      EV: 10    Int:  9    God:    Trog [***...]
Gold:   553        SH:  0    Dex: 13    Spells: 10/10 levels left

rFire   . . .        d - +3 quarterstaff (chaos)
rCold   . . .        (shield currently unavailable)
rNeg    + + .        t - +0 chain mail
rPois   ∞            r - +0 helmet
rElec   +            s - +1 cloak
rCorr   .            (no gloves)
SInv    .            w - +1 pair of boots
Will    ++...        (no amulet) Stlth
                     c - ring of positive energy
HPRegen 1.31/turn    (no ring)
MPRegen 0.12/turn

%: no passive effects
@: strong-willed, on berserk cooldown, regenerating, slowed, very slow
A: sickness immunity, AC +8, negative energy resistance 1, electricity
resistance, torment resistance 1, petrification resistance
a: Renounce Religion, Berserk, Trog's Hand


You were on level 9 of the Dungeon.
You worshipped Trog.
Trog was most pleased with you.
You visited 1 branch of the dungeon, and saw 9 of its levels.

You collected 553 gold pieces.

Inventory:

Hand Weapons
 a - a +0 hand axe
 d - a +3 quarterstaff of chaos (weapon)
 o - a +0 war axe
Missiles
 f - 34 poisoned darts (quivered)
 z - 2 throwing nets
Armour
 r - a +0 helmet (worn)
 s - a +1 cloak (worn)
 t - a +0 chain mail (worn)
 w - a +1 pair of boots (worn)
Jewellery
 c - a ring of positive energy (left hand)
 m - an amulet of regeneration
Wands
 e - a wand of flame (10)
 j - a wand of light (9)
 n - a wand of mindburst (18)
 y - a wand of polymorph (5)
Scrolls
 b - 2 scrolls of revelation
 g - a scroll of fear
 l - a scroll of teleportation
 p - 2 scrolls of immolation
Potions
 h - 4 potions of curing
 i - 2 potions of enlightenment
 k - 4 potions of haste
 q - a potion of mutation {unknown}
 u - a potion of magic {unknown}
 v - a potion of resistance {unknown}
 x - a potion of cancellation {unknown}
 A - a potion of heal wounds


   Skills:
 + Level 8.7 Fighting
 + Level 5.2 Axes
 + Level 11.2 Staves
 + Level 0.2 Throwing
 + Level 9.1 Armour
 + Level 5.0 Dodging
 + Level 3.3 Stealth
 + Level 0.2 Evocations


You had 10 spell levels left.
You didn't know any spells.
Your spell library was empty.

Dungeon Overview and Level Annotations

Branches:
Dungeon (9/15)             Temple (0/1) D:7             Orc (0/2) D:9
   Lair: D:8-11

Altars:
Cheibriados
Gozag
Hepliaklqana
Qazlal
Sif Muna
Wu Jian
Zin

Annotations:
D:8 2 transporters


Innate Abilities, Weirdness & Mutations

You are immune to sickness and miasma.
Your stone body is resilient. (AC +8)
You are immune to poison.
You resist negative energy. (rN+)
You are resistant to electric shocks. (rElec)
You are resistant to unholy torment.
You are immune to petrification.


Message History

The large slime creature barely misses you.
Unknown command.
You bludgeon the large slime creature!!
The large slime creature appears confused.
The large slime creature is moderately wounded.
Unknown command.
You bludgeon the large slime creature!!
You feel better.
The large slime creature is heavily wounded.
The slime creature closely misses you. The large slime creature hits you.
The large slime creature hits you but does no damage.
Unknown command.
You sock the large slime creature! You freeze the large slime creature.
The large slime creature is heavily wounded.
The slime creature hits you but does no damage.
Unknown command.
You catch the helpless large slime creature completely off-guard!
You bludgeon the large slime creature!!
The large slime creature is severely wounded.
The large slime creature hits you!
* * * LOW HITPOINT WARNING * * *
The slime creature hits you but does no damage.
The large slime creature hits you.
* * * LOW HITPOINT WARNING * * *
You sock the large slime creature!
The large slime creature is almost dead.
Unknown command.
You barely miss the large slime creature.
The large slime creature is almost dead.
The slime creature closely misses you. The large slime creature hits you!!
* * * LOW HITPOINT WARNING * * *
Unknown command.
You are too berserk!
Unknown command.
You feel a strong urge to attack something.
You are no longer berserk.
You are exhausted.
You feel yourself slow down.
The slime creature attacks as it pursues you!
The slime creature hits you!
You die...

........ #.....#......
....... +.....#......
..... #.....'......
.... #.....#...... #
#..##+#.....#'#####
#.##.J#...............
#...J.#...............
#....J'...............
+....@#...............
#.....#...............
#.....#...............
#.....#......#########
#......#....†.#
#......#......#
#......#......#
#......#......#
#......#


You could see 2 large slime creatures and a slime creature (fast).

Vanquished Creatures
  Harold (D:9)
  2 two-headed ogres
  Joseph (D:7)
  A hornet (D:5)
  A troll (D:9)
  Grinder (D:3)
  Sigmund (D:5)
  11 yaks
  4 vampire mosquitoes (D:9)
  An acid dragon (D:9)
  A water moccasin (D:6)
  Duvessa (D:4)
  A sky beast (D:7)
  8 orc warriors
  A black bear (D:6)
  An ogre (D:6)
  2 centaurs (D:6)
  A phantom (D:6)
  3 kobold brigands
  Blork the orc (D:4)
  6 bullfrogs
  2 gnoll sergeants
  4 scorpions
  Dowan (D:4)
  4 killer bees (D:9)
  3 wights (D:7)
  A howler monkey (D:8)
  Crazy Yiuf (D:3)
  A jelly (D:6)
  10 orc priests
  6 hounds
  Natasha (thrice) (D:3)
  4 iguanas
  2 sleepcaps (D:7)
  Ijyb (D:3)
  10 orc wizards
  Robin (D:3)
  5 gnolls
  5 adders
  A shadow imp (D:7)
  A white imp (D:5)
  3 ufetubi
  2 ribbon worms (D:3)
  A dart slug (D:2)
  35 orcs
  9 ball pythons
  2 endoplasms
  5 giant cockroaches
  13 goblins
  10 hobgoblins
  8 jackals
  11 kobolds
  7 quokkas
  5 bats
  3 frilled lizards
  4 rats
234 creatures vanquished.

Vanquished Creatures (collateral kills)
  A kobold brigand (D:9)
  2 gnolls (D:9)
  5 orcs (D:9)
8 creatures vanquished.

Vanquished Creatures (others)
  A gnoll zombie (D:8)
  An orc zombie (D:8)
2 creatures vanquished.

Grand Total: 244 creatures vanquished

Notes
Turn   | Place    | Note
-------+----------+-------------------------------------------
     0 | D:1      | Gargoyl the Gargoyle Berserker began the quest for the Orb.
     0 | D:1      | Reached XP level 1. HP: 14/14 MP: 1/1
   138 | D:1      | Reached XP level 2. HP: 13/19 MP: 2/2
   748 | D:1      | Reached XP level 3. HP: 21/24 MP: 3/3
   814 | D:1      | Found a faded altar of an unknown god.
  1116 | D:2      | Reached ** piety under Trog
  1117 | D:2      | Reached XP level 4. HP: 27/29 MP: 4/4
  1522 | D:3      | Noticed Ijyb
  1535 | D:3      | Killed Ijyb
  1536 | D:3      | Reached skill level 1 in Stealth
  1536 | D:3      | Reached XP level 5. HP: 22/33 MP: 5/5
  1584 | D:3      | Found a glowing silver altar of Zin.
  1759 | D:3      | Noticed Natasha
  1764 | D:3      | Killed Natasha
  1767 | D:3      | Noticed Grinder
  1777 | D:3      | Paralysed by Grinder for 4 turns
  1785 | D:3      | Paralysed by Grinder for 5 turns
  1800 | D:3      | Killed Grinder
  1801 | D:3      | Reached XP level 6. HP: 10/39 MP: 6/6
  1940 | D:3      | Found a runed translucent door.
  1941 | D:3      | Noticed Crazy Yiuf
  2126 | D:3      | Noticed Robin
  2143 | D:3      | Killed Robin
  2281 | D:3      | Noticed Natasha
  2288 | D:3      | Killed Natasha
  2342 | D:3      | Killed Crazy Yiuf
  2343 | D:3      | Reached XP level 7. HP: 44/44 MP: 7/7
  2368 | D:3      | Noticed Natasha
  2371 | D:3      | Killed Natasha
  2438 | D:4      | Noticed Blork the orc
  2454 | D:4      | Killed Blork the orc
  2455 | D:4      | Reached skill level 5 in Axes
  2465 | D:4      | HP: 3/66 [orc/+0 trident (5)]
  2655 | D:4      | Reached skill level 1 in Staves
  2747 | D:4      | Reached skill level 2 in Staves
  2809 | D:4      | Noticed Dowan
  2810 | D:4      | Noticed Duvessa
  2820 | D:4      | Killed Duvessa
  2828 | D:4      | Killed Dowan
  2828 | D:4      | Reached *** piety under Trog
  2829 | D:4      | Reached skill level 3 in Staves
  2923 | D:4      | Reached XP level 8. HP: 48/48 MP: 8/8
  3150 | D:5      | Entered Level 5 of the Dungeon
  3210 | D:5      | Noticed Sigmund
  3219 | D:5      | Killed Sigmund
  3220 | D:5      | Reached skill level 5 in Fighting
  3220 | D:5      | Reached skill level 4 in Staves
  3527 | D:5      | Found a shimmering blue altar of Sif Muna.
  3611 | D:5      | Found a hazy altar of Hepliaklqana.
  3639 | D:6      | Noticed Pikel
  3648 | D:5      | Pikel changed into Pikel the hornet
  3648 | D:5      | Noticed Pikel
  3658 | D:5      | Killed Pikel the hornet
  3659 | D:5      | Reached skill level 5 in Staves
  3659 | D:5      | Reached skill level 5 in Armour
  4048 | D:6      | Reached skill level 6 in Staves
  4048 | D:6      | Reached XP level 9. HP: 38/55 MP: 9/9
  4759 | D:6      | Reached skill level 7 in Staves
  5010 | D:6      | Found a stormy altar of Qazlal.
  5639 | D:7      | Found an ornate altar of the Wu Jian Council.
  5639 | D:7      | Found a snail-covered altar of Cheibriados.
  5639 | D:7      | Noticed Joseph
  5644 | D:7      | Reached skill level 8 in Staves
  5648 | D:7      | Reached **** piety under Trog
  5713 | D:7      | Killed Joseph
  5714 | D:7      | Reached XP level 10. HP: 57/63 MP: 10/10
  5918 | D:7      | Found a staircase to the Ecumenical Temple.
  6501 | D:8      | Reached skill level 9 in Staves
  6620 | D:8      | Found an opulent altar of Gozag.
  6643 | D:8      | Found a transporter.
  7268 | D:8      | Found a transporter.
  7289 | D:8      | Noticed a two-headed ogre
  7296 | D:8      | Killed a two-headed ogre
  7297 | D:8      | Reached skill level 10 in Staves
  7454 | D:9      | Noticed a two-headed ogre
  7466 | D:9      | Killed a two-headed ogre
  7467 | D:9      | Reached XP level 11. HP: 69/69 MP: 11/11
  7549 | D:9      | Noticed Harold
  7605 | D:9      | Killed Harold
  7606 | D:9      | Reached skill level 11 in Staves
  7606 | D:9      | Reached skill level 5 in Dodging
  7757 | D:9      | Found a staircase to the Orcish Mines.
  7891 | D:9      | Identified the +7 long sword of Day {venom, Will++ Dex+4
                  | Stlth+}
  7998 | D:9      | HP: 1/103 [large slime creature (25)]
  8000 | D:9      | Mangled by a slime creature

Illustrated notes

Levels and vault maps discovered:
D:1:      dpeg_arrival_lava_temple_mockup, layout_basic,
          shapermc_ecumenical_altar_mp_vishouse
D:2:      layout_rooms
D:3:      layout_rooms, lemuel_crystal_altar, st_stairs_13,
          uniq_crazy_yiuf_cottage, uniq_robin, uniq_grinder, uniq_natasha,
          uniq_ijyb
D:4:      layout_loops_ring, kennysheep_generic_room_10, uniq_blork_the_orc,
          uniq_duvessa
D:5:      layout_cave_pools, marbit_many_paths, nzn_hepliaklqana_mist_gate,
          uniq_sigmund
D:6:      layout_cave_pools, mainiacjoe_overflow_six_doors_small,
          minmay_misc_feat_room, wad_rectangle_vault, uniq_pikel
D:7:      layout_basic, jmf_multi_god_temple, minmay_temple_entry_glassed_door,
          serial_bayou_pond_d, minivault_5, uniq_joseph
D:8:      layout_basic, nicolae_gozag_seed_capital, nicolae_diode_stairs
D:9:      layout_gridville, kennysheep_orc_monster_closet_entryway, uniq_harold

Skill      XL: |  1  2  3  4  5  6  7  8  9 10 11 |
---------------+----------------------------------+-----
Axes           | 3 4 5 |  5.2
Dodging        | 2 3 4 5 |  5.0
Fighting       | 4 5 7 8 |  8.7
Stealth        | 1 2 3 |  3.3
Armour         | 3 4 5 6 8 9 |  9.1
Staves         | 3 6 8 10 11 | 11.2
Throwing       | |  0.2
Evocations     | |  0.2

Action                     |  1- 3 |  4- 6 |  7- 9 | 10-12 || total
---------------------------+-------+-------+-------+-------++-------
  Melee: Hand axe          |   120 |   137 |       |       ||   257
         Punch             |     2 |     3 |       |       ||     5
         Quarterstaff      |       |       |   317 |   292 ||   609
  Throw: Dart              |       |       |       |     2 ||     2
 Invoke: Berserk           |       |     5 |     7 |     6 ||    18
         Trog's Hand       |       |     1 |     1 |    10 ||    12
         Brothers in Arms  |       |       |       |     1 ||     1
  Evoke: Wand              |       |     2 |       |       ||     2
    Use: Scroll            |     2 |     5 |     7 |     5 ||    19
         Potion            |       |     2 |       |       ||     2
   Stab: Sleeping          |       |     1 |       |       ||     1
         Invisible         |       |     1 |       |       ||     1
         Confused          |       |       |     1 |     1 ||     2
         Paralysed         |       |       |     1 |       ||     1
         Distracted        |       |       |       |     1 ||     1
 Armour: Animal skin       |    79 |    49 |       |       ||   128
         Ring mail         |       |    71 |     3 |       ||    74
         Chain mail        |       |       |   460 |   286 ||   746
  Dodge: Dodged            |    94 |   105 |   237 |   131 ||   567

Table legend: (Time is in decaauts)
 A = Elapsed time spent in this place.
 B = Non-inter-level travel time spent in this place.
 C = Inter-level travel time spent in this place.
 D = Time resting spent in this place.
 E = Time spent auto-exploring this place.
 F = Levels seen in this place.
 G = Mean time per level.
                   A        B        C        D        E       F      G
               +--------+--------+--------+--------+--------+-----+--------+
         Total |   8159 |   7912 |    247 |    849 |   4945 |   9 |  906.6 |
       Dungeon |   8159 |   7912 |    247 |    849 |   4945 |   9 |  906.6 |
               +--------+--------+--------+--------+--------+-----+--------+

Top non-repeatable levels by time:
     D:7: 1140 daAuts
     D:5: 1100 daAuts
     D:6: 1047 daAuts
     D:3: 1037 daAuts
     D:1: 994 daAuts
     D:8: 953 daAuts
     D:4: 754 daAuts
     D:9: 657 daAuts
     D:2: 473 daAuts
